 Dungeon Crawl Stone Soup version 0.29.1-13-g9f3cf754e1 (webtiles) character file.

Game seed: 17067023424479351003

30366 hbarley the Severer (level 13, -2/119 HPs)
             Began as a Hill Orc Fighter on Feb 2, 2023.
             Was a Believer of Uskayaw.
             Slain by a seven-headed hydra (6 damage)
             ... on level 2 of the Lair of Beasts.
             The game lasted 00:40:03 (15326 turns).

hbarley the Severer (Hill Orc Fighter)             Turns: 15326, Time: 00:40:04

Health: -2/119     AC: 12    Str: 41    XL:     13   Next: 51%
Magic:  13/13      EV: 16    Int: 14    God:    Uskayaw [**....]
Gold:   728        SH:  5    Dex:  9    Spells: 12/12 levels left

rFire   . . .      SeeInvis +   S - +6 broad axe of Oshism {vorpal, rCorr Str+3 SInv}
rCold   + . .      Faith    .   c - +0 buckler
rNeg    . . .      Spirit   .   X - +1 leather armour "Put-Me-On" {Contam Will++ Regen+ Str+9}
rPois   +          Reflect  .   P - +2 hat
rElec   .          Harm     .   u - scarf {repulsion}
rCorr   +          Rampage  .   T - +2 pair of gloves
Will    +++..                   U - +0 pair of boots of Lies {Will+ Int+6 Dex-3}
Stlth   ++........              (no amulet)
HPRegen 1.09/turn               t - ring "Raygojo" {rC+ EV+4 Str+7}
MPRegen 0.13/turn               l - ring of poison resistance

@: studying Fighting, repel missiles, very slow
A: no striking features
a: Renounce Religion, Stomp, Line Pass


You were on level 2 of the Lair of Beasts.
You worshipped Uskayaw.
Uskayaw was noncommittal.
You visited 3 branches of the dungeon, and saw 15 of its levels.
You also visited: Bailey.

You collected 956 gold pieces.
You spent 228 gold pieces at shops.

Inventory:

Hand Weapons
 M - a +2 hand axe of flaming
 S - the +6 broad axe of Oshism (weapon) {vorpal, rCorr Str+3 SInv}
   (You acquired it in a bailey)

   It inflicts extra damage upon your enemies.
   Str:       It affects your strength (+3).
   SInv:      It lets you see invisible.
   rCorr:     It protects you from acid and corrosion.
Missiles
 w - 19 poisoned darts (quivered)
Armour
 c - a +0 buckler (worn)
 s - a +3 leather armour
 u - a scarf of repulsion (worn)
 O - a +1 cloak
 P - a +2 hat (worn)
 Q - a +4 ring mail of cold resistance
 T - a +2 pair of gloves (worn)
 U - the +0 pair of boots of Lies (worn) {Will+ Int+6 Dex-3}
   (You bought it in a shop on level 1 of the Dungeon)

   Int:       It affects your intelligence (+6).
   Dex:       It affects your dexterity (-3).
   Will:      It increases your willpower.
 X - the +1 leather armour "Put-Me-On" (worn) {Contam Will++ Regen+ Str+9}
   (You found it on level 2 of the Lair of Beasts)

   Str:       It affects your strength (+9).
   Contam:    It causes magical contamination when unequipped.
   Regen:     It increases your rate of health regeneration.
   Will:      It greatly increases your willpower.
Jewellery
 a - a ring of magical power
 f - a ring of resist corrosion
 l - a ring of poison resistance (right hand)
 t - the ring "Raygojo" (left hand) {rC+ EV+4 Str+7}
   (You found it on level 2 of the Dungeon)

   [ring of evasion]

   EV:        It affects your evasion (+4).
   Str:       It affects your strength (+7).
   rC:        It protects you from cold.
 x - a ring of magical power
 F - a ring of protection from cold
 W - a ring of willpower
Wands
 b - a wand of charming (6)
 B - a wand of iceblast (4)
 R - a wand of polymorph (9)
Scrolls
 j - 2 scrolls of brand weapon {unknown}
 k - 4 scrolls of identify
 m - 5 scrolls of teleportation
 o - 3 scrolls of torment {unknown}
 r - 4 scrolls of immolation
 v - 2 scrolls of enchant weapon {unknown}
 y - 5 scrolls of vulnerability {unknown}
 A - 3 scrolls of poison {unknown}
 E - 3 scrolls of magic mapping {unknown}
 G - a scroll of enchant armour {unknown}
 H - 5 scrolls of fog
 K - 4 scrolls of fear {unknown}
 N - 3 scrolls of noise {unknown}
 V - a scroll of amnesia {unknown}
 Z - 2 scrolls of blinking {unknown}
Potions
 d - a potion of might
 e - 5 potions of heal wounds
 g - 5 potions of haste
 h - 2 potions of resistance {unknown}
 i - 4 potions of brilliance {unknown}
 n - 2 potions of invisibility {unknown}
 p - 5 potions of curing
 q - 3 potions of lignification
 z - 2 potions of berserk rage {unknown}
 C - 2 potions of degeneration {unknown}
 D - 4 potions of flight
 I - a potion of attraction {unknown}
 J - a potion of magic {unknown}
 L - 4 potions of mutation {unknown}


   Skills:
 + Level 12.7 Fighting
 + Level 16.8 Axes
 + Level 1.9 Throwing
 + Level 9.3 Armour
 + Level 4.5 Dodging
 + Level 6.0 Stealth
 + Level 7.8 Shields
 * Level 9.0 Evocations


You had 12 spell levels left.
You didn't know any spells.
Your spell library contained the following spells:

 Spells                   Type           Power      Damage    Failure   Level
 Beastly Appendage        Tmut           0%         N/A       36%         1
 Summon Small Mammal      Summ           0%         N/A       36%         1
 Poisonous Vapours        Pois/Air       0%         N/A       50%         2
 Wereblood                Tmut           0%         N/A       50%         2
 Call Canine Familiar     Summ           0%         N/A       75%         3
 Spider Form              Tmut/Pois      0%         N/A       75%         3
 Summon Guardian Golem    Hex/Summ       0%         N/A       75%         3
 Corpse Rot               Necr/Pois/Air  0%         N/A       98%         4
 Passage of Golubria      Tloc           0%         N/A       98%         4
 Fireball                 Conj/Fire      0%         3d3       100%        5
 Silence                  Hex/Air        0%         N/A       100%        5
 Starburst                Conj/Fire      0%         6d3       100%        6
 Ignition                 Fire           0%         3d3       100%        8
 Lehudib's Crystal Spear  Conj/Erth      0%         10d2      100%        8


Dungeon Overview and Level Annotations

Branches:
Dungeon (12/15)            Temple (1/1) D:4            Lair (2/5) D:10
 Spider (0/4) Lair:2          Orc (0/2) D:10         Bailey (visited)
  Swamp: Lair:2-3    Shoals: Lair:2-3

Altars:
Ashenzari
Elyvilon
Fedhas
Gozag
Kikubaaqudgha
Makhleb
Nemelex Xobeh
Okawaru
Qazlal
Trog
Uskayaw
Vehumet
Wu Jian
Xom
Yredelemnul
Zin
The Shining One

Shops:
D:1 [   D:7 *

Annotations:
D:6 1 runed translucent door, cheesebisquit's ghost, novice MiHu
D:11 1 runed translucent door, qwertyone's ghost, journeyman DrAE


Message History

* * * LOW HITPOINT WARNING * * *
You slash the komodo dragon!
The komodo dragon is moderately wounded.
You slash the swamp worm! You closely miss the swamp worm.
You slice one of the six-headed hydra's heads off!
The five-headed hydra grows two more!
You slash the seven-headed hydra! The komodo dragon misses you.
The swamp worm barely misses you.
The seven-headed hydra bites you but does no damage.
The seven-headed hydra completely misses you.
The seven-headed hydra barely misses you.
You block the seven-headed hydra's attack. x2
The seven-headed hydra bites you!
* * * LOW HITPOINT WARNING * * *
The seven-headed hydra bites you.
* * * LOW HITPOINT WARNING * * *
The swamp worm closely misses you.
You can now pass through a line of other dancers.
You feel much better. The swamp worm bites you.
* * * LOW HITPOINT WARNING * * *
The komodo dragon bites you.
* * * LOW HITPOINT WARNING * * *
The seven-headed hydra barely misses you.
The seven-headed hydra bites you!
* * * LOW HITPOINT WARNING * * *
The seven-headed hydra bites you.
* * * LOW HITPOINT WARNING * * *
The seven-headed hydra misses you.
The seven-headed hydra bites you but does no damage.
The seven-headed hydra bites you!
* * * LOW HITPOINT WARNING * * *
The seven-headed hydra closely misses you.
You block the swamp worm's attack. x2
You feel much better. The komodo dragon bites you!!
* * * LOW HITPOINT WARNING * * *
The seven-headed hydra closely misses you.
The seven-headed hydra barely misses you.
You block the seven-headed hydra's attack.
The seven-headed hydra bites you but does no damage.
The seven-headed hydra bites you.
You die...

.##........♣ ♣...........
.......†..♣♣ ♣♣..........
....#.....♣ ♣...........
#.##......♣ ♣♣♣♣ ♣♣....^.....
#.#.#.....♣♣♣♣♣.§§ ♣...........
.......#....♣♣?§§♣♣♣♣............
†>.....P...♣♣..§≈~≈≈♣♣........#P.
............♣♣~Dww~~≈♣♣...#...##.
..#..#.....♣♣≈~l@~~≈≈♣#...#......
#..##.....♣♣...~~~~≈≈♣♣..........
...##......♣♣..♣♣♣♣♣♣♣ ....#....
...............# #........
.##..####......# ....##P ...###
#.......# #.# ....##. ..
#.......##P.## #......
##............. ...... #
#.............. ......


You could see a seven-headed hydra, a komodo dragon and 2 swamp worms.

Vanquished Creatures
  Josephine (D:10)
  A boulder beetle (D:12)
  Erica (D:10)
  A hydra (D:12)
  A centaur warrior (D:11)
  6 two-headed ogres
  An orc high priest (Bailey)
  An ugly thing (D:12)
  2 cyclopes (D:12)
  Maurice (D:11)
  Maggie (Lair:1)
  3 cane toads (Lair:1)
  3 kobold demonologists
  2 unseen horrors
  A komodo dragon (Lair:1)
  5 trolls
  3 blink frogs (Lair:2)
  Sigmund (D:6)
  A shadow (D:10)
  7 wraiths
  A wyvern (D:9)
  19 yaks
  A steam dragon (D:9)
  Grum (D:10)
  2 water moccasins
  15 orc warriors
  A sky beast (D:6)
  4 ogres
  3 black bears
  2 ice beasts
  6 centaurs
  6 wolves
  2 phantoms
  A kobold brigand (D:8)
  12 bullfrogs
  3 gnoll sergeants (D:11)
  A necrophage (D:5)
  6 scorpions
  13 wights
  10 killer bees (D:9)
  2 electric eels (Bailey)
  11 howler monkeys
  4 orc priests
  2 jellies
  6 hounds
  A gnoll bouda (D:7)
  7 iguanas
  9 orc wizards
  12 adders
  20 gnolls
  A shadow imp (D:6)
  8 worms
  A dart slug (D:4)
  30 orcs
  7 ball pythons
  5 bats
  8 endoplasms
  6 giant cockroaches
  20 goblins
  10 hobgoblins
  5 jackals
  4 quokkas
  5 frilled lizards
  6 kobolds
  9 rats
351 creatures vanquished.

Vanquished Creatures (others)
  A goblin (Bailey)
  A hobgoblin (Bailey)
  2 fungi
  3 plants
  2 withered plants (D:6)
9 creatures vanquished.

Grand Total: 360 creatures vanquished

Notes
Turn   | Place    | Note
-------+----------+-------------------------------------------
     0 | D:1      | hbarley the Hill Orc Fighter began the quest for the Orb.
     0 | D:1      | Reached XP level 1. HP: 19/19 MP: 1/1
   218 | D:1      | Found Syjup's Antique Armour Shoppe.
   226 | D:1      | Reached skill level 3 in Axes
   228 | D:1      | Reached XP level 2. HP: 19/27 MP: 2/2
   682 | D:1      | Reached XP level 3. HP: 32/33 MP: 3/3
  1249 | D:2      | Found a faded altar of an unknown god.
  1301 | D:2      | Identified the ring "Raygojo" {rC+ EV+4 Str+7}
  1507 | D:2      | Reached XP level 4. HP: 41/41 MP: 4/4
  1540 | D:2      | Reached skill level 4 in Axes
  2175 | D:3      | Found a large runed translucent door.
  2175 | D:3      | Found a large runed translucent door.
  2370 | D:3      | Found a white marble altar of Elyvilon.
  2381 | D:3      | Found a stormy altar of Qazlal.
  2425 | D:4      | Noticed an ogre
  2432 | D:4      | Reached XP level 5. HP: 47/47 MP: 5/5
  2434 | D:4      | Killed an ogre
  2435 | D:4      | Reached skill level 5 in Axes
  2595 | D:4      | You fall into a shaft and drop 1 floor!
  2595 | D:5      | Entered Level 5 of the Dungeon
  2602 | D:5      | Reached XP level 6. HP: 48/53 MP: 6/6
  2657 | D:5      | Reached skill level 6 in Axes
  2670 | D:5      | Reached skill level 5 in Fighting
  2934 | D:5      | Reached XP level 7. HP: 58/61 MP: 7/7
  2955 | D:5      | Reached skill level 7 in Axes
  3034 | D:4      | Reached skill level 1 in Dodging
  3159 | D:4      | Found a staircase to the Ecumenical Temple.
  3177 | Temple   | Entered the Ecumenical Temple
  3198 | Temple   | Became a worshipper of Uskayaw the Reveller
  3271 | D:4      | Reached * piety under Uskayaw
  3274 | D:4      | Reached ** piety under Uskayaw
  4470 | D:6      | Reached skill level 1 in Evocations
  4623 | D:6      | Found a runed translucent door.
  4624 | D:6      | Noticed cheesebisquit's ghost (novice MiHu)
  4698 | D:6      | Reached skill level 8 in Axes
  4707 | D:6      | Noticed Sigmund
  4711 | D:6      | Reached *** piety under Uskayaw
  4712 | D:6      | Killed Sigmund
  4713 | D:6      | Reached XP level 8. HP: 63/70 MP: 8/8
  4715 | D:6      | Reached **** piety under Uskayaw
  4893 | D:6      | Reached skill level 5 in Armour
  4923 | D:6      | Reached skill level 1 in Stealth
  5194 | D:6      | Reached skill level 9 in Axes
  5575 | D:6      | Reached XP level 9. HP: 51/78 MP: 9/9
  5858 | D:7      | Reached skill level 5 in Shields
  5959 | D:7      | Reached ***** piety under Uskayaw
  5961 | D:7      | Reached skill level 10 in Axes
  5973 | D:7      | Reached ****** piety under Uskayaw
  6342 | D:7      | Found a sparkling altar of Nemelex Xobeh.
  6369 | D:7      | Found Xyhai's Overcharged Wands.
  6582 | D:8      | Reached skill level 11 in Axes
  6760 | D:8      | Reached XP level 10. HP: 86/86 MP: 10/10
  6768 | D:8      | Found a flagged portal.
  6781 | Bailey   | Entered a bailey
  6846 | Bailey   | Reached skill level 5 in Evocations
  7005 | Bailey   | Noticed a kobold demonologist
  7021 | Bailey   | Killed a kobold demonologist
  7212 | Bailey   | Found an iron altar of Okawaru.
  7218 | Bailey   | Noticed an orc high priest
  7235 | Bailey   | Killed an orc high priest
  7528 | Bailey   | Reached skill level 12 in Axes
  8444 | Bailey   | Acquired the +6 broad axe of Oshism {vorpal, rCorr Str+3
                  | SInv}
  8447 | Bailey   | Reached skill level 10 in Fighting
  8447 | Bailey   | Reached skill level 13 in Axes
  8447 | Bailey   | Reached XP level 11. HP: 99/99 MP: 11/11
  9260 | D:7      | Reached skill level 14 in Axes
  9526 | D:1      | Bought a pair of jewelled boots for 228 gold pieces
  9526 | D:1      | Identified the +0 pair of boots of Lies {Will+ Int+6 Dex-3}
                  | (You bought it in a shop on level 1 of the Dungeon)
  9935 | D:9      | Noticed a two-headed ogre
  9943 | D:9      | Killed a two-headed ogre
 10170 | D:9      | Reached XP level 12. HP: 107/107 MP: 12/12
 10260 | D:9      | Noticed a two-headed ogre
 10273 | D:9      | Killed a two-headed ogre
 10718 | D:9      | Acquired a manual of Fighting
 10746 | D:10     | Entered Level 10 of the Dungeon
 10987 | D:10     | Noticed Josephine
 10990 | D:10     | Noticed a two-headed ogre
 11005 | D:10     | Killed a two-headed ogre
 11005 | D:10     | Killed Josephine
 11006 | D:10     | Reached skill level 15 in Axes
 11006 | D:10     | Reached skill level 5 in Stealth
 11303 | D:10     | Found a staircase to the Orcish Mines.
 11404 | D:10     | Noticed Grum
 11420 | D:10     | Killed Grum
 11588 | D:10     | Found a staircase to the Lair.
 11610 | D:10     | Noticed a two-headed ogre
 11621 | D:10     | Killed a two-headed ogre
 11622 | D:10     | Reached skill level 1 in Throwing
 11622 | D:10     | Noticed Erica
 11635 | D:10     | Killed Erica
 12066 | D:11     | Noticed a two-headed ogre
 12068 | D:11     | Killed a two-headed ogre
 12190 | D:11     | Noticed a centaur warrior
 12198 | D:11     | Killed a centaur warrior
 12308 | D:11     | Noticed Maurice
 12322 | D:11     | Killed Maurice
 12502 | D:11     | Found a runed translucent door.
 12562 | D:11     | Found a sparkling altar of Nemelex Xobeh.
 12605 | D:11     | Noticed a two-headed ogre
 12613 | D:11     | Killed a two-headed ogre
 12614 | D:11     | Reached skill level 16 in Axes
 12614 | D:11     | Reached XP level 13. HP: 112/117 MP: 13/13
 12909 | D:11     | Noticed qwertyone's ghost (journeyman DrAE)
 13944 | D:12     | Found a white marble altar of Elyvilon.
 14029 | Lair:1   | Entered Level 1 of the Lair of Beasts
 14155 | Lair:1   | Identified the +2 whip of the Sneaky Geomancers {pain,
                  | Str+5}
 14246 | Lair:1   | Noticed Maggie
 14254 | Lair:1   | Killed Maggie
 14706 | Lair:1   | Identified the +9 whip of Gidiugh {vorpal, *Noise rPois
                  | Str+4 Dex+2}
 15018 | Lair:2   | Identified the +1 leather armour "Put-Me-On" {Contam Will++
                  | Regen+ Str+9}
 15270 | Lair:2   | Found a hole to the Spider Nest.
 15324 | Lair:2   | HP: 2/119 [seven-headed hydra (5)]
 15326 | Lair:2   | Slain by a seven-headed hydra

Illustrated notes

Levels and vault maps discovered:
D:1:      wander_arrival_chamber, layout_loops_ring, serial_shops,
          nicolae_shop_overgrown_old_shop
D:2:      layout_basic, hellmonk_ecumenical_altar_slurped_away
D:3:      layout_rooms, jmf_multi_god_temple2
D:4:      layout_basic, minmay_temple_entry_arrows, wad_floor_pattern_1,
          serial_bayou_lagoon_a
D:5:      layout_layer_cave
D:6:      kennysheep_six_static_rooms, layout_basic, gammafunk_ghost_grave,
          uniq_sigmund
D:7:      layout_cave_pools, nicolae_overflow_hidden_temple,
          nicolae_shop_overcharged_wands
D:8:      layout_basic, enter_bailey_4
D:9:      layout_gridville, minmay_between
D:10:     layout_irregular_city, lair_entry_dummy, erik_orc_4, uniq_erica,
          uniq_josephine, uniq_grum
D:11:     layout_basic, ebering_ghost_reflecting_pool,
          nemelex_diamond_rough_becter, uniq_maurice
D:12:     layout_basic, nicolae_elyvilon_peaceful_grove
Temple:   hellmonk_temple_of_storms
Lair:1:   layout_regular_city, grunt_megastairs_2, lemuel_fruit_fields,
          serial_bayou_shore_b, uniq_maggie
Lair:2:   layout_cave_shapes, palyth_hydra_swamp_entry,
          nicolae_spider_entry_non_spiders

Skill      XL: |  1  2  3  4  5  6  7  8  9 10 11 12 13 |
---------------+----------------------------------------+-----
Axes           | 3 4 5 6 8 9 11 13 14 16 | 16.8
Fighting       | 4 5 6 7 10 11 12 | 12.7
Shields        | 4 5 7 |  7.8
Armour         | 4 5 7 8 9 |  9.3
Dodging        | 1 2 3 4 |  4.5
Evocations     | 2 3 4 5 6 8 9 |  9.0
Stealth        | 1 2 3 4 5 6 |  6.0
Throwing       | 1 |  1.9

Action                   |  1- 3 |  4- 6 |  7- 9 | 10-12 | 13-15 || total
-------------------------+-------+-------+-------+-------+-------++-------
Melee: War axe           |    99 |   115 |   112 |       |       ||   326
       Hand axe          |       |       |   148 |   149 |       ||   297
       Broad axe         |       |       |       |   236 |   119 ||   355
Throw: Dart              |       |     4 |       |    22 |     2 ||    28
Evoke: Wand              |       |     1 |       |       |     1 ||     2
  Use: Scroll            |       |       |     3 |     6 |     1 ||    10
       Potion            |       |       |     1 |     3 |     4 ||     8
 Stab: Paralysed         |       |       |    10 |    39 |    12 ||    61
       Sleeping          |       |       |       |     1 |     2 ||     3
Armor: Scale mail        |    49 |    49 |    28 |       |       ||   126
       Plate armour      |       |       |    81 |    16 |       ||    97
       Ring mail         |       |       |       |    81 |    22 ||   103
       Leather armour    |       |       |       |       |    23 ||    23
Dodge: Dodged            |    46 |    72 |   149 |   236 |    98 ||   601
       Repelled          |       |     1 |     1 |     1 |       ||     3
Block: Buckler           |    20 |    24 |    64 |    78 |    42 ||   228
